 Dungeon Crawl Stone Soup version 0.25-a0-589-g1e14c549ee (webtiles) character file.

Game seed: 33803487359831804, levelgen mode: deterministic

22 sanka the Chiller (level 2, 0/19 HPs)
             Began as a Barachi Ice Elementalist on Mar 11, 2020.
             Slain by Terence
             ... wielding a +0 morningstar
              (5 damage)
             ... on level 1 of the Dungeon.
             The game lasted 00:01:51 (1258 turns).

sanka the Chiller (Barachi Ice Elementalist)        Turns: 1258, Time: 00:01:52

Health: 0/19       AC:  2    Str:  9    XL:     2   Next: 91%
Magic:  2/5        EV: 12    Int: 15    God:
Gold:   74         SH:  0    Dex: 12    Spells: 5/6 levels left

rFire    . . .     SeeInvis .   (no weapon)
rCold    . . .     Gourm    .   (no shield)
rNeg     . . .     Faith    .   a - +0 robe
rPois    .         Spirit   .   (no helmet)
rElec    .         Reflect  .   (no cloak)
rCorr    .         Harm     .   (no gloves)
MR       .....                  (no boots)
Stlth    ++........             e - amulet of magic regeneration
HPRegen  0.06/turn              (no ring)
MPRegen  0.34/turn              (no ring)

@: slow
A: +LOS, swims, slowness 1, strong legs 1
a: Hop


You were on level 1 of the Dungeon.
You were hungry.

You visited 1 branch of the dungeon, and saw 2 of its levels.

You collected 74 gold pieces.


Innate Abilities, Weirdness & Mutations

You can be seen from farther away. (+LOS)
You can swim through water.
You cover ground slowly.
You can hop short distances.


   Skills:
 - Level 2.1 Dodging
 - Level 1.7 Stealth
 + Level 2.9 Spellcasting
 + Level 5.3 Ice Magic


You had 5 spell levels left.
You knew the following spells:

 Your Spells              Type           Power        Failure   Level  Hunger
z - Freeze                Ice            ###.         2%          1    #......

Your spell library contained the following spells:

 Spells                   Type           Power        Failure   Level  Hunger
 Frozen Ramparts          Ice            ###...       7%          3    ###....
 Ozocubu's Armour         Chrm/Ice       ##......     21%         3    ###....
 Hailstorm                Conj/Ice       ##......     56%         4    #####..
 Summon Ice Beast         Ice/Summ       ##......     56%         4    #####..

Inventory:

Armour
 a - a +0 robe (worn)
Jewellery
 e - an amulet of magic regeneration (around neck)
Scrolls
 f - a scroll of remove curse {unknown}
 g - a scroll of enchant weapon {unknown}
 i - a scroll of identify {unknown}
Potions
 b - 2 potions of invisibility {unknown}
 d - a potion of berserk rage {unknown}
 h - a potion of ambrosia {unknown}
Comestibles
 c - 4 rations

Dungeon Overview and Level Annotations

Branches:
Dungeon (2/15)

Altars:

Annotations:
D:1 Terence

..▒ ▒....▒▒...▒.▒▒▒▒............
..▒▒▒▒....▒▒▒..▒.▒...............
...............▒.▒.▒▒............
..........▒▒▒▒.▒.▒.▒▒............
...▒▒▒....▒▒▒▒...................
...▒▒...................▒▒▒▒▒▒.▒▒
▒▒.▒▒.▒▒▒▒▒▒▒▒▒.........▒▒▒▒▒▒.▒.
▒.▒▒.▒............▒▒▒...........
▒.▒▒.▒.▒▒....▒.F@.▒ ▒........(..
▒▒.▒▒.▒.▒▒....▒▒...▒ ▒...........
.▒.▒▒.▒.▒▒(...▒▒...▒ ▒...........
.▒.▒▒.▒.▒▒....▒▒▒..▒ ▒...........
......▒.......▒ ▒..▒ ▒...........
......▒▒▒.....▒ ▒..▒ ▒...........
......▒▒▒.....▒▒▒..▒▒▒...........
.................................
..........▒▒▒....................


You could see Terence.


Message History

Unknown command.
Unknown command.
Unknown command.
Aiming: Freeze (safe; 2% risk of failure)
Aim: a rat You freeze the rat.
You kill the rat!
Terence misses you.
Aiming: Freeze (safe; 2% risk of failure)
Aim: Terence, wielding a +0 morningstar and wearing a cursed +0 scale mail You freeze Terence!
Terence is heavily wounded.
Terence hits you with a +0 morningstar.
Aiming: Freeze (safe; 2% risk of failure)
Aim: Terence, wielding a +0 morningstar and wearing a cursed +0 scale mail (heavily wounded)
You freeze Terence.
Terence is severely wounded.
Terence hits you with a +0 morningstar!
Ouch! That really hurt!
* * * LOW HITPOINT WARNING * * *
Aiming: Freeze (safe; 2% risk of failure)
Aim: Terence, wielding a +0 morningstar and wearing a cursed +0 scale mail (severely wounded)
You freeze Terence.
Terence is severely wounded.
Aiming: Freeze (safe; 2% risk of failure)
Aim: Terence, wielding a +0 morningstar and wearing a cursed +0 scale mail (severely wounded)
You freeze Terence.
Terence is severely wounded.
Terence hits you with a +0 morningstar.
You die...

Action                   || total
-------------------------++-------
Melee: Unarmed           ||    17
 Cast: Freeze            ||    27
  Eat: Chunk             ||     1
Armor: Robe              ||     8
Dodge: Dodged            ||    30

Levels and vault maps discovered:
D:1:      onia_arrival_pyramid, layout_basic
D:2:      layout_rooms, lemuel_doored_altar, first_ration, uniq_terence,
          uniq_robin

Notes
Turn   | Place    | Note
-------+----------+-------------------------------------------
     0 | D:1      | sanka the Barachi Ice Elementalist began the quest for the
                  | Orb.
     0 | D:1      | Reached XP level 1. HP: 13/13 MP: 3/3
   205 | D:1      | Reached skill level 5 in Ice Magic
   389 | D:1      | Reached XP level 2. HP: 19/19 MP: 2/5
  1246 | D:2      | Noticed Terence
  1258 | D:1      | Slain by Terence

Vanquished Creatures
  2 oozes (D:1)
  3 bats (D:1)
  A goblin (D:1)
  A hobgoblin (D:1)
  2 frilled lizards (D:1)
  2 kobolds (D:1)
  4 rats (D:1)
15 creatures vanquished.
